TOP OF THE 1ST |
Niagara Falls Frenzy batting - Pitching for Madison Bombers : RHP José Lara
|
Pitching: RHP José Lara
|
|
Batting: RHB Ángel Hinojosa
|
0-0: Fly out, F7 (Flyball, 78M)
|
Batting: LHB Dante Owens
|
0-0: Ball 1-0: Swinging Strike 1-1: DOUBLE (Line Drive, 3L)
|
Batting: SHB Ray Burgess
|
0-0: Swinging Strike 0-1: Ball 1-1: Called Strike 1-2: Ball 2-2: Foul Ball, location: 2F 2-2: 2-RUN HOME RUN (Flyball, 89XD), Distance : 397 ft
|
Batting: LHB Donovan Bird
|
0-0: Ball 1-0: Ball 2-0: SINGLE (Line Drive, 89S)
|
Batting: SHB Martín De Jesús
|
0-0: Called Strike 0-1: Ball 1-1: Foul Ball, location: 2F 1-2: Ball 2-2: Ball 3-2: Strikes out looking
|
Batting: RHB Lawrence Schroeder
|
0-0: Called Strike Donovan Bird steals 2nd base 0-1: Ball 1-1: Ball 2-1: Swinging Strike 2-2: Ball 3-2: Strikes out looking
|
Top of the 1st over - 2 run(s), 3 hit(s), 0 error(s), 1 left on base; Niagara Falls 2 - Madison 0 |
BOTTOM OF THE 1ST |
Madison Bombers batting - Pitching for Niagara Falls Frenzy : LHP Manuel Rodríguez
|
Pitching: LHP Manuel Rodríguez
|
|
Batting: LHB Robin Hill
|
0-0: Foul Ball, location: 2F 0-1: Called Strike 0-2: Ball 1-2: Ball 2-2: Ground out U3 (Groundball, 3S)
|
Batting: RHB Sergio Márquez
|
0-0: Ball 1-0: Foul Ball, location: 2F 1-1: Ball 2-1: Ball 3-1: Called Strike 3-2: Fly out, F9 (Popup, 34D)
|
Batting: LHB Sixto Cantú
|
0-0: Ball 1-0: Ground out 6-3 (Groundball, 6M)
|
Bottom of the 1st over - 0 run(s), 0 hit(s), 0 error(s), 0 left on base; Niagara Falls 2 - Madison 0 |
TOP OF THE 2ND |
Niagara Falls Frenzy batting - Pitching for Madison Bombers : RHP José Lara
|
Batting: RHB Eichiro Yamamoto
|
0-0: Ball 1-0: Called Strike 1-1: Called Strike 1-2: Foul Ball, location: 2F 1-2: Strikes out looking
|
Batting: RHB Juan Carlos Rodríguez
|
0-0: Ball 1-0: Foul Ball, location: 2F 1-1: Ball 2-1: Foul Ball, location: 2F 2-2: Ball 3-2: Ground out 6-3 (Groundball, 6)
|
Batting: RHB Juan Sánchez
|
0-0: Ball 1-0: SINGLE (Line Drive, 56)
|
Batting: RHB Ángel Hinojosa
|
0-0: Ground out 5-3 (Groundball, 5)
|
Top of the 2nd over - 0 run(s), 1 hit(s), 0 error(s), 1 left on base; Niagara Falls 2 - Madison 0 |
BOTTOM OF THE 2ND |
Madison Bombers batting - Pitching for Niagara Falls Frenzy : LHP Manuel Rodríguez
|
Batting: RHB Pablo Gonzáles
|
0-0: Foul Ball, location: 2F 0-1: Ball 1-1: Ground out 5-3 (Groundball, 56S)
|
Batting: LHB José Santos
|
0-0: Ball 1-0: Called Strike 1-1: Foul Ball, location: 2F 1-2: Ball 2-2: Ground out 5-3 (Groundball, 56S)
|
Batting: RHB Vicente Aguirre
|
0-0: Fly out, F9 (Flyball, 9LS)
|
Bottom of the 2nd over - 0 run(s), 0 hit(s), 0 error(s), 0 left on base; Niagara Falls 2 - Madison 0 |
TOP OF THE 3RD |
Niagara Falls Frenzy batting - Pitching for Madison Bombers : RHP José Lara
|
Batting: LHB Dante Owens
|
0-0: Bunt for hit - play at first, batter safe!
|
Batting: SHB Ray Burgess
|
0-0: Called Strike 0-1: Swinging Strike 0-2: Foul Ball, location: 2F 0-2: Foul Ball, location: 2F 0-2: Foul Ball, location: 2F 0-2: Ball 1-2: SINGLE (Groundball, 5D) Dante Owens to second
|
Batting: LHB Donovan Bird
|
0-0: Ball 1-0: Ball 2-0: Ball 3-0: SINGLE (Groundball, 34S) (infield hit) Dante Owens to third Ray Burgess to second
|
Batting: SHB Martín De Jesús
|
0-0: Foul Ball, location: 2F 0-1: Ball 1-1: Fly out, F8 (Flyball, 7M) Runner from 3rd tags up, SCORES, no throw
|
Batting: RHB Lawrence Schroeder
|
0-0: Foul Ball, location: 2F 0-1: SINGLE (Groundball, 56) Ray Burgess to third Donovan Bird to second Runner from 3rd tries for Home, SAFE, throw made home
|
Batting: RHB Eichiro Yamamoto
|
0-0: Ground out 4-3 (Groundball, 4M) Donovan Bird to third Lawrence Schroeder to second
|
Batting: RHB Juan Carlos Rodríguez
|
0-0: Called Strike 0-1: Ball 1-1: Ball 2-1: Foul Ball, location: 2F 2-2: Foul Ball, location: 2F 2-2: Ball 3-2: Strikes out swinging
|
Top of the 3rd over - 2 run(s), 4 hit(s), 0 error(s), 2 left on base; Niagara Falls 4 - Madison 0 |
BOTTOM OF THE 3RD |
Madison Bombers batting - Pitching for Niagara Falls Frenzy : LHP Manuel Rodríguez
|
Batting: SHB Jorge Flores
|
0-0: Called Strike 0-1: Ball 1-1: SINGLE (Line Drive, 56)
|
Batting: RHB Bailey Ramsey
|
0-0: Ground out 5-3 (Groundball, 56) Jorge Flores to second
|
Batting: LHB Keith Tillman
|
0-0: Foul Ball, location: 2F 0-1: Ball 1-1: Ball 2-1: SINGLE (Groundball, 4MD) Jorge Flores to third Runner from 3rd tries for Home, throw and OUT! Keith Tillman to second
|
Batting: LHB Robin Hill
|
0-0: Ground out 4-3 (Groundball, 4)
|
Bottom of the 3rd over - 0 run(s), 2 hit(s), 0 error(s), 1 left on base; Niagara Falls 4 - Madison 0 |
TOP OF THE 4TH |
Niagara Falls Frenzy batting - Pitching for Madison Bombers : RHP José Lara
|
Batting: RHB Juan Sánchez
|
0-0: Swinging Strike 0-1: Ball 1-1: Foul Ball, location: 2F 1-2: Ground out 4-3 (Groundball, 4)
|
Batting: RHB Ángel Hinojosa
|
0-0: Foul Ball, location: 2F 0-1: Ball 1-1: Called Strike 1-2: Foul Ball, location: 2F 1-2: Strikes out swinging
|
Batting: LHB Dante Owens
|
0-0: Ball 1-0: Ball 2-0: Called Strike 2-1: Fly out, F7 (Flyball, 7S)
|
Top of the 4th over - 0 run(s), 0 hit(s), 0 error(s), 0 left on base; Niagara Falls 4 - Madison 0 |
BOTTOM OF THE 4TH |
Madison Bombers batting - Pitching for Niagara Falls Frenzy : LHP Manuel Rodríguez
|
Batting: RHB Sergio Márquez
|
0-0: Swinging Strike 0-1: Called Strike 0-2: Ground out 6-3 (Groundball, 6)
|
Batting: LHB Sixto Cantú
|
0-0: SINGLE (Line Drive, 7S)
|
Batting: RHB Pablo Gonzáles
|
0-0: Called Strike 0-1: Ball 1-1: Foul Ball, location: 2F 1-2: Foul Ball, location: 2F 1-2: Ball 2-2: Ball 3-2: Base on Balls Sixto Cantú to second
|
Batting: LHB José Santos
|
0-0: Foul Ball, location: 2F 0-1: Ball 1-1: Reached on error, E3 (Groundball, 3) Sixto Cantú to third Pablo Gonzáles to second
|
Batting: RHB Vicente Aguirre
|
0-0: Fly out, F3 (Popup, 34S)
|
Batting: SHB Jorge Flores
|
0-0: Swinging Strike 0-1: Ball 1-1: Foul Ball, location: 2F 1-2: Fly out, F3 (Popup, 3SF)
|
Bottom of the 4th over - 0 run(s), 1 hit(s), 1 error(s), 3 left on base; Niagara Falls 4 - Madison 0 |
TOP OF THE 5TH |
Niagara Falls Frenzy batting - Pitching for Madison Bombers : RHP José Lara
|
Batting: SHB Ray Burgess
|
0-0: Fly out, F6 (Line Drive, 6)
|
Batting: LHB Donovan Bird
|
0-0: Ball 1-0: Called Strike 1-1: Swinging Strike 1-2: Ball 2-2: Ball 3-2: Strikes out looking
|
Batting: SHB Martín De Jesús
|
0-0: Ball 1-0: Called Strike 1-1: Called Strike 1-2: Foul Ball, location: 2F 1-2: Foul Ball, location: 2F 1-2: SOLO HOME RUN (Line Drive, 7LD), Distance : 361 ft
|
Batting: RHB Lawrence Schroeder
|
0-0: Ball 1-0: Ball 2-0: Called Strike 2-1: Ground out 5-3 (Groundball, 5)
|
Top of the 5th over - 1 run(s), 1 hit(s), 0 error(s), 0 left on base; Niagara Falls 5 - Madison 0 |
BOTTOM OF THE 5TH |
Madison Bombers batting - Pitching for Niagara Falls Frenzy : LHP Manuel Rodríguez
|
Batting: RHB Bailey Ramsey
|
0-0: Swinging Strike 0-1: Foul Ball, location: 2F 0-2: Ball 1-2: Ball 2-2: Fly out, F9 (Flyball, 9M)
|
Batting: LHB Keith Tillman
|
0-0: Fly out, F3 (Popup, 13)
|
Batting: LHB Robin Hill
|
0-0: Swinging Strike 0-1: Swinging Strike 0-2: Ball 1-2: Ball 2-2: Ball 3-2: Ground out 4-3 (Groundball, 4)
|
Bottom of the 5th over - 0 run(s), 0 hit(s), 0 error(s), 0 left on base; Niagara Falls 5 - Madison 0 |
TOP OF THE 6TH |
Niagara Falls Frenzy batting - Pitching for Madison Bombers : RHP José Lara
|
Batting: RHB Eichiro Yamamoto
|
0-0: Fly out, F9 (Flyball, 9M)
|
Batting: RHB Juan Carlos Rodríguez
|
0-0: Ball 1-0: SINGLE (Groundball, 6MD)
|
Batting: RHB Juan Sánchez
|
0-0: Called Strike 0-1: Swinging Strike 0-2: Strikes out swinging
|
Batting: RHB Ángel Hinojosa
|
0-0: SINGLE (Line Drive, 6M) Juan Carlos Rodríguez to second Runner from 2nd tries for 3rd, SAFE, no throw or cutoff
|
Batting: LHB Dante Owens
|
0-0: Ball 1-0: Swinging Strike 1-1: Fly out, F8 (Flyball, 8RXD)
|
Top of the 6th over - 0 run(s), 2 hit(s), 0 error(s), 2 left on base; Niagara Falls 5 - Madison 0 |
BOTTOM OF THE 6TH |
Madison Bombers batting - Pitching for Niagara Falls Frenzy : LHP Manuel Rodríguez
|
Batting: RHB Sergio Márquez
|
0-0: Foul Ball, location: 2F 0-1: Ball 1-1: Ball 2-1: Ball 3-1: Fly out, F7 (Line Drive, 78S)
|
Batting: LHB Sixto Cantú
|
0-0: Ground out 6-3 (Groundball, 6)
|
Batting: RHB Pablo Gonzáles
|
0-0: Called Strike 0-1: Ball 1-1: Foul Ball, location: 2F 1-2: Ball 2-2: Ball 3-2: Fly out, F6 (Line Drive, 6MD)
|
Bottom of the 6th over - 0 run(s), 0 hit(s), 0 error(s), 0 left on base; Niagara Falls 5 - Madison 0 |
TOP OF THE 7TH |
Niagara Falls Frenzy batting - Pitching for Madison Bombers : RHP José Lara
|
Batting: SHB Ray Burgess
|
0-0: SOLO HOME RUN (Flyball, 9D), Distance : 380 ft
|
Batting: LHB Donovan Bird
|
0-0: Ball 1-0: Swinging Strike 1-1: Ball 2-1: Ball 3-1: Foul Ball, location: 2F 3-2: Foul Ball, location: 2F 3-2: Foul Ball, location: 2F 3-2: Foul Ball, location: 2F 3-2: Foul Ball, location: 2F 3-2: Ground out 5-3 (Groundball, 56)
|
Batting: SHB Martín De Jesús
|
0-0: Ball 1-0: SINGLE (Line Drive, 9LS)
|
Pitching: RHP Alonso Gallardo
|
|
Batting: RHB Lawrence Schroeder
|
0-0: Ball 1-0: Ball 2-0: Swinging Strike 2-1: Called Strike 2-2: Strikes out swinging
|
Batting: RHB Eichiro Yamamoto
|
0-0: Ball 1-0: Called Strike 1-1: Fly out, F8 (Flyball, 8RXD)
|
Top of the 7th over - 1 run(s), 2 hit(s), 0 error(s), 1 left on base; Niagara Falls 6 - Madison 0 |
BOTTOM OF THE 7TH |
Madison Bombers batting - Pitching for Niagara Falls Frenzy : LHP Manuel Rodríguez
|
Batting: LHB José Santos
|
0-0: Ball 1-0: Fly out, F7 (Flyball, 78D)
|
Batting: RHB Vicente Aguirre
|
0-0: SINGLE (Line Drive, 6M)
|
Batting: SHB Jorge Flores
|
0-0: Ball 1-0: Foul Ball, location: 2F 1-1: Ball 2-1: Swinging Strike 2-2: Strikes out swinging
|
Batting: RHB Bailey Ramsey
|
0-0: Swinging Strike 0-1: Ball 1-1: Ball 2-1: Swinging Strike 2-2: Fielders Choice at 2nd, 6-4 (Groundball, 6)
|
Bottom of the 7th over - 0 run(s), 1 hit(s), 0 error(s), 0 left on base; Niagara Falls 6 - Madison 0 |
TOP OF THE 8TH |
Niagara Falls Frenzy batting - Pitching for Madison Bombers : RHP Alonso Gallardo
|
Batting: RHB Juan Carlos Rodríguez
|
0-0: Ball 1-0: Foul Ball, location: 2F 1-1: Called Strike 1-2: SOLO HOME RUN (Flyball, 7LD), Distance : 353 ft
|
Batting: RHB Juan Sánchez
|
0-0: Called Strike 0-1: Ball 1-1: Called Strike 1-2: Ball 2-2: Ball 3-2: Foul Ball, location: 2F 3-2: Ground out 2-3 (Groundball, 2R)
|
Batting: RHB Ángel Hinojosa
|
0-0: Called Strike 0-1: Foul Ball, location: 2F 0-2: Ball 1-2: Fly out, F8 (Flyball, 8LXD)
|
Batting: LHB Dante Owens
|
0-0: Called Strike 0-1: Foul Ball, location: 2F 0-2: Ball 1-2: Ball 2-2: Ground out 4-3 (Groundball, 4)
|
Top of the 8th over - 1 run(s), 1 hit(s), 0 error(s), 0 left on base; Niagara Falls 7 - Madison 0 |
BOTTOM OF THE 8TH |
Madison Bombers batting - Pitching for Niagara Falls Frenzy : LHP Manuel Rodríguez
|
Batting: LHB Keith Tillman
|
0-0: Foul Ball, location: 2F 0-1: Ball 1-1: Ball 2-1: Foul Ball, location: 2F 2-2: Foul Ball, location: 2F 2-2: Ball 3-2: Foul Ball, location: 2F 3-2: Fly out, F8 (Flyball, 8RXD)
|
Batting: LHB Robin Hill
|
0-0: Ball 1-0: Ball 2-0: Foul Ball, location: 2F 2-1: SINGLE (Groundball, 34) (infield hit)
|
Batting: RHB Sergio Márquez
|
0-0: Ball 1-0: Fly out, F8 (Flyball, 8LXD) Runner from 1st tags up, SAFE at 2nd
|
Batting: LHB Sixto Cantú
|
0-0: Ball 1-0: Swinging Strike 1-1: Ball 2-1: Swinging Strike 2-2: Strikes out swinging
|
Bottom of the 8th over - 0 run(s), 1 hit(s), 0 error(s), 1 left on base; Niagara Falls 7 - Madison 0 |
TOP OF THE 9TH |
Niagara Falls Frenzy batting - Pitching for Madison Bombers : RHP Alonso Gallardo
|
Pitching: RHP Luis Cortéz
|
|
Batting: SHB Ray Burgess
|
0-0: Ball 1-0: Ball 2-0: Ball 3-0: Called Strike 3-1: Fly out, F4 (Popup, 4M)
|
Batting: LHB Donovan Bird
|
0-0: Called Strike 0-1: Ball 1-1: Called Strike 1-2: Strikes out swinging
|
Batting: SHB Martín De Jesús
|
0-0: Ball 1-0: Called Strike 1-1: Ground out U3 (Groundball, 3)
|
Top of the 9th over - 0 run(s), 0 hit(s), 0 error(s), 0 left on base; Niagara Falls 7 - Madison 0 |
BOTTOM OF THE 9TH |
Madison Bombers batting - Pitching for Niagara Falls Frenzy : LHP Manuel Rodríguez
|
Now at 1B: Bryce Hester
|
|
Batting: RHB Pablo Gonzáles
|
0-0: Called Strike 0-1: Ball 1-1: Ball 2-1: Ball 3-1: Swinging Strike 3-2: Foul Ball, location: 2F 3-2: Strikes out looking
|
Pitching: RHP Kimitada Takai
|
|
Batting: LHB José Santos
|
0-0: Called Strike 0-1: Foul Ball, location: 2F 0-2: Foul Ball, location: 2F 0-2: Ball 1-2: Ball 2-2: Foul Ball, location: 2F 2-2: Foul Ball, location: 2F 2-2: SINGLE (Line Drive, 89S)
|
Batting: RHB Vicente Aguirre
|
0-0: Called Strike 0-1: Ball 1-1: Fly out, F5 (Line Drive, 5D)
|
Batting: SHB Jorge Flores
|
0-0: Called Strike 0-1: Ball 1-1: Ball 2-1: Swinging Strike 2-2: Ball 3-2: Base on Balls José Santos to second
|
Batting: RHB Bailey Ramsey
|
0-0: Ball 1-0: Ball 2-0: Reached on error, E2 (Groundball, 2L) José Santos to third Jorge Flores to second
|
Batting: LHB Keith Tillman
|
0-0: Called Strike 0-1: Ball 1-1: Ball 2-1: Ball 3-1: Base on Balls José Santos scores Jorge Flores to third Bailey Ramsey to second
|
Batting: LHB Robin Hill
|
0-0: Ground out 3-1 (Groundball, 34S)
|
Bottom of the 9th over - 1 run(s), 1 hit(s), 1 error(s), 3 left on base; Niagara Falls 7 - Madison 1 |
|